Map: Neon Violet Square LE

Players

Rogue - Winner!

  • Race: Zerg Zerg
  • Spawn Location: 5:00

Hurricane

  • Race: Protoss Protoss
  • Spawn Location: 11:00

Event: IEM Season 12 - Katowice

VOD

Have the link to the VOD?

Description

Time

  • Played on: March 3, 2018, 8:57 a.m.
  • Length: 6:22

All games in this series

Show
View Real Time Build Order
Export as new Build Order

Rogue Zerg - Winner!

Build Orders: Hatch First 

Get SALT Encoding   

  12  0:00  Drone  
  13  0:13  Overlord  
  13  0:17  Drone  
  14  0:31  Drone x2  
  16  0:49  Hatchery  
  15  0:52  Drone  
  15  0:56  Drone  
  17  0:59  Drone  
  18  1:10  Extractor  
  17  1:17  Spawning Pool  
  16  1:18  Drone  
  16  1:21  Drone  
  18  1:29  Drone  
  19  1:39  Drone  
  20  1:49  Overlord  
  20  2:04  Queen x2  
  20  2:05  Zergling x4  
  26  2:11  Metabolic Boost  
  26  2:14  Drone x2  
  28  2:23  Drone x2  
  30  2:34  Drone  
  30  2:35  Drone  
  32  2:44  Hatchery  
  32  2:47  Drone  
  32  2:48  Drone  
  33  2:55  Overlord  
  33  2:56  Drone  
  34  3:05  Drone  
  35  3:09  Drone  
  36  3:14  Drone x6  
  36  3:18  Queen  
  44  3:21  Overlord  
  44  3:27  Overlord  
  44  3:45  Drone x2  
  44  3:46  Drone, Overlord  
  44  3:47  Drone  
  48  3:49  Spore Crawler, Lair  
  48  3:50  Spore Crawler  
  48  3:52  Drone x2  
  48  3:54  Queen  
  50  3:58  Drone x2  
  52  4:03  Zergling x4  
  52  4:06  Zergling x2  
  52  4:09  Drone, Extractor x2  
  54  4:13  Queen  
  54  4:16  Overlord  
  56  4:17  Drone  
  56  4:18  Drone  
  56  4:20  Zergling x2  
  56  4:21  Zergling x2  
  56  4:24  Spore Crawler  
  59  4:26  Drone  
  59  4:28  Drone x2  
  62  4:35  Roach Warren  
  61  4:40  Overlord  
  61  4:42  Queen  
  63  4:51  Nydus Network  
  62  5:04  Overlord x2  
  60  5:15  Roach x8  
  76  5:22  Roach x2  
  76  5:23  Overlord  
  80  5:30  Roach x3  
  85  5:35  Nydus Canal  
  85  5:37  Roach  
  85  5:39  Roach  
  85  5:40  Roach  
  85  5:42  Roach  
  92  5:46  Roach  
  93  5:51  Roach x2  
  93  5:57  Roach  
  97  5:59  Overlord x2  
Show
View Real Time Build Order
Export as new Build Order

Hurricane Protoss 

Build Orders: 1 Gate Expand, Oracle Opening, Phoenix Opening, Zealot Archon 

Get SALT Encoding   

  12  0:00  Probe  
  13  0:12  Probe  
  14  0:20  Pylon  
  14  0:25  Probe  
  15  0:38  Probe (Chrono Boost)  
  15  0:39  Gateway  
  16  0:49  Probe (Chrono Boost)  
  17  0:54  Probe (Chrono Boost)  
  18  1:00  Assimilator  
  18  1:05  Probe  
  19  1:17  Probe  
  20  1:27  Nexus  
  20  1:37  Cybernetics Core  
  20  1:41  Probe  
  20  1:47  Assimilator  
  21  1:53  Probe  
  22  1:58  Pylon  
  22  2:05  Probe  
  23  2:15  Adept (Chrono Boost)  
  23  2:18  Probe  
  26  2:25  Stargate  
  26  2:30  Probe (Chrono Boost)  
  26  2:32  Warp Gate  
  29  2:37  Adept  
  29  2:39  Probe (Chrono Boost)  
  29  2:43  Probe (Chrono Boost)  
  31  2:48  Probe (Chrono Boost)  
  31  2:49  Probe (Chrono Boost)  
  33  2:53  Probe (Chrono Boost)  
  33  2:57  Probe  
  35  3:05  Adept, Probe  
  38  3:09  Probe  
  38  3:10  Phoenix (Chrono Boost)  
  41  3:17  Probe  
  42  3:20  Pylon  
  42  3:21  Probe  
  43  3:29  Probe  
  44  3:37  Gateway  
  44  3:38  Oracle  
  44  3:40  Probe  
  48  3:41  Probe  
  49  3:49  Assimilator  
  49  3:52  Probe, Pylon  
  49  3:54  Assimilator  
  49  3:55  Probe  
  51  4:04  Probe  
  51  4:06  Robotics Facility  
  51  4:07  Probe  
  53  4:16  Probe  
  54  4:19  Probe  
  55  4:28  Probe, Twilight Council  
  55  4:31  Probe  
  57  4:40  Gateway  
  57  4:41  Probe, Gateway  
  58  4:47  Nexus  
  58  4:48  Probe  
  58  4:50  Pylon  
  59  4:53  Probe, Warp Prism (Chrono Boost)  
  62  5:08  Probe  
  62  5:09  Templar Archives  
  62  5:12  Probe  
  62  5:13  Pylon  
  64  5:22  Probe, Observer (Chrono Boost)  
  64  5:23  Gateway x2  
  66  5:32  Pylon  
  68  5:36  Zealot  
  68  5:41  Immortal (Chrono Boost), Shield Battery  
  72  5:45  Shield Battery  
  72  5:46  Pylon  
  72  5:47  High Templar x2  
  72  5:48  Shield Battery  
  76  5:52  Archon  
  69  5:57  Zealot  
  69  5:58  Zealot  

Tags
 
Add a new tag
Caveats
  • Supply blocks, unpowered buildings, or Contaminate may cause inaccurate times.
  • Supply counts are checked every 10 seconds.